 Dungeon Crawl Stone Soup version 0.27-a0-1312-g5cdb2b3542 (webtiles) character file.

Game seed: 2494071430054678892

51 bilbop the Caller (level 3, 0/26 HPs)
             Began as a Merfolk Summoner on June 21, 2021.
             Slain by a worm (5 damage)
             ... on level 2 of the Dungeon.
             The game lasted 00:14:53 (2570 turns).

bilbop the Caller (Merfolk Summoner)                Turns: 2570, Time: 00:14:54

Health: 0/26       AC:  3    Str:  8    XL:     3   Next: 81%
Magic:  5/6        EV: 13    Int: 14    God:
Gold:   39         SH:  0    Dex: 15    Spells: 3/6 levels left

rFire    . . .     SeeInvis .   a - +0 dagger
rCold    . . .     Faith    .   (no shield)
rNeg     . . .     Spirit   .   c - +0 robe
rPois    .         Reflect  .   d - +0 helmet
rElec    .         Harm     .   (no cloak)
rCorr    .         Rampage  .   (no gloves)
Will     .....                  (no boots)
Stlth    ++........             (no amulet)
HPRegen  0.08/turn              (no ring)
MPRegen  0.10/turn              (no ring)

@: no status effects
A: (nimble swimmer 2), mertail
a: no special abilities


You were on level 2 of the Dungeon.
You visited 1 branch of the dungeon, and saw 2 of its levels.

You collected 39 gold pieces.

Inventory:

Hand Weapons
 a - a +0 dagger (weapon)
Armour
 c - a +0 robe (worn)
 d - a +0 helmet (worn)
Scrolls
 b - a scroll of identify {unknown}
 e - a scroll of teleportation {unknown}
Potions
 f - a potion of degeneration {unknown}


   Skills:
 + Level 1.3 Fighting
 + Level 1.1 Short Blades
 + Level 3.3 Dodging
 + Level 2.7 Stealth
 + Level 2.3 Spellcasting
 + Level 4.1 Summonings


You had 3 spell levels left.
You knew the following spells:

 Your Spells              Type           Power      Damage    Failure   Level
a - Summon Small Mammal   Summ           52%        N/A       4%          1
b - Call Imp              Summ           13%        N/A       6%          2

Your spell library contained the following spells:

 Spells                   Type           Power      Damage    Failure   Level
 Call Canine Familiar     Summ           13%        N/A       12%         3
 Corona                   Hex            1%         N/A       22%         1
 Summon Guardian Golem    Hex/Summ       7%         N/A       28%         3
 Ensorcelled Hibernation  Hex/Ice        2%         N/A       34%         2
 Confusing Touch          Hex            1%         N/A       56%         3
 Dazzling Flash           Conj/Hex       2%         N/A       56%         3
 Tukima's Dance           Hex            1%         N/A       56%         3
 Summon Ice Beast         Ice/Summ       7%         N/A       67%         4
 Summon Lightning Spire   Summ/Air       7%         N/A       67%         4


Dungeon Overview and Level Annotations

Branches:
Dungeon (2/15)

Altars:


Innate Abilities, Weirdness & Mutations

((You are quick and stealthy near water. (Stealth+, EV+, Speed+++)))
Your lower body shifts to a powerful aquatic tail in water.


Message History

Your rat bites the worm but does no damage.
The worm bites your rat!
Your rat dies!
Your rat's corpse disappears in a puff of smoke!
Your bat completely misses the worm.
Your bat hits the worm but does no damage.
Your bat hits the worm but does no damage.
The worm bites your bat but does no damage.
Your bat barely misses the worm.
Your bat hits the worm. The worm bites your bat!
Your bat dies!
Your bat's corpse disappears in a puff of smoke!
Your quokka bites the worm.
The worm closely misses your quokka.
Your quokka bites the worm.
Your quokka bites the worm but does no damage.
The worm closely misses your quokka.
Your quokka bites the worm.
Your quokka barely misses the worm.
The worm barely misses your quokka.
Your quokka bites the worm.
Your quokka bites the worm.
The worm bites your quokka.
Your quokka barely misses the worm.
Your quokka barely misses the worm.
The worm bites your quokka!
Your quokka dies!
Your quokka's corpse disappears in a puff of smoke!
You hit the worm.
The worm is heavily wounded.
You hit the worm but do no damage.
The worm is heavily wounded.
The worm bites you!
You barely miss the worm.
The worm is heavily wounded.
You barely miss the worm.
The worm is heavily wounded.
The worm bites you!
* * * LOW HITPOINT WARNING * * *
You hit the worm.
The worm is heavily wounded.
You hit the worm.
The worm is severely wounded.
The worm bites you.
You die...

#. #..##.#.#
#.#####..##.#.#####
.................#
..#####.....##.#####.#
#......†...###.#
#..............#
#######>########
#.###########
#.#...@w.....#
####.######... ##.# ##


You could see a worm.

Vanquished Creatures
  A gnoll (D:2)
  A giant cockroach (D:2)
  2 hobgoblins
  A kobold (D:1)
  A quokka (D:2)
  3 ball pythons (D:1)
  A bat (D:2)
  A rat (D:1)
11 creatures vanquished.

Vanquished Creatures (collateral kills)
  3 gnolls (D:2)
  4 ball pythons (D:1)
  3 endoplasms
  A hobgoblin (D:2)
  2 jackals (D:1)
  2 quokkas
  A frilled lizard (D:1)
  5 kobolds
  5 rats
26 creatures vanquished.

Grand Total: 37 creatures vanquished

Notes
Turn   | Place    | Note
-------+----------+-------------------------------------------
     0 | D:1      | bilbop the Merfolk Summoner began the quest for the Orb.
     0 | D:1      | Reached XP level 1. HP: 13/13 MP: 3/3
   730 | D:1      | Reached XP level 2. HP: 17/20 MP: 1/5
  1642 | D:1      | Found a faded altar of an unknown god.
  1815 | D:2      | Learned a level 2 spell: Call Imp
  1887 | D:2      | Reached skill level 1 in Fighting
  1887 | D:2      | Reached XP level 3. HP: 26/26 MP: 2/6
  1912 | D:2      | Reached skill level 1 in Short Blades
  1917 | D:2      | HP: 1/26 [kobold (4)]
  2570 | D:2      | Slain by a worm

Illustrated notes

Levels and vault maps discovered:
D:1:      evilmike_arrival_plus, layout_loops_ring,
          dilly_ecumenical_altar_fadedgnrine, st_stairs_4, minmay_crystal_water,
          chequers_garden, palyth_stone_intersect, serial_bayou_crossing
D:2:      layout_loops_ring, minmay_rat_hole

Skill      XL: |  1  2  3 |
---------------+----------+-----
Dodging        | 3 |  3.3
Fighting       | 1 |  1.3
Short Blades   | 1 |  1.1
Stealth        | |  2.7
Spellcasting   | |  2.3
Summonings     | |  4.1

Action                   || total
-------------------------++-------
Melee: Unarmed           ||    13
       Dagger            ||    90
 Cast: Summon Small Mamm ||    54
 Stab: Sleeping          ||     4
       Distracted        ||     1
Armor: Robe              ||    15
Dodge: Dodged            ||    75

Table legend: (Time is in decaauts)
 A = Elapsed time spent in this place.
 B = Non-inter-level travel time spent in this place.
 C = Inter-level travel time spent in this place.
 D = Time resting spent in this place.
 E = Time spent auto-exploring this place.
 F = Levels seen in this place.
 G = Mean time per level.
                   A        B        C        D        E       F      G
               +--------+--------+--------+--------+--------+-----+--------+
         Total |   2555 |   2448 |    107 |    637 |   1386 |   2 | 1277.5 |
       Dungeon |   2555 |   2448 |    107 |    637 |   1386 |   2 | 1277.5 |
               +--------+--------+--------+--------+--------+-----+--------+

Top non-repeatable levels by time:
     D:1: 1728 daAuts
     D:2: 826 daAuts
